 Dungeon Crawl Stone Soup version 0.32-a0-953-g508020473e (webtiles) character file.

Game seed: 12572509693902462372

735 DEFE the Trooper (level 7, 0/56 HPs)
             Began as a Coglin Fighter on Apr 16, 2024.
             Slain by a gnoll
             ... wielding a +0 flail
              (7 damage)
             ... on level 5 of the Dungeon.
             The game lasted 00:02:19 (2914 turns).

DEFE the Trooper (Coglin Fighter)                   Turns: 2914, Time: 00:02:20

Health: 0/56       AC: 10    Str: 18    XL:     7   Next: 74%
Magic:  7/7        EV:  6    Int:  7    God:
Gold:   209        SH:  0    Dex: 14    Spells: 6/6 levels left

rFire   . . .        a - +0 flail {Edmée}
rCold   . . .        r - +0 whip (freeze) {Wei}
rNeg    . . .        j - +1 chain mail
rPois   .            (no helmet)
rElec   .            (no cloak)
rCorr   .            (no gloves)
SInv    .            (no boots)
Will    .....        (amulet unavailable) Stlth
                     (ring unavailable)
HPRegen 0.29/turn    (ring unavailable)
MPRegen 0.10/turn    (no gizmo)

%: no passive effects
@: hasted, revved, very quick
A: off-hand wielding, slow wielding, warmup strikes, no jewellery
a: Invent Gizmo, Convert to Beogh


You were on level 5 of the Dungeon.
You visited 1 branch of the dungeon, and saw 5 of its levels.

You collected 209 gold pieces.

Inventory:

Hand Weapons
 a - a +0 flail (weapon) {Edmée}
 f - a +0 mace {Nimrit}
 r - a +0 whip of freezing (offhand) {Wei}
Armour
 b - a +0 scale mail
 c - a +0 buckler
 j - a +1 chain mail (worn)
Wands
 t - a wand of iceblast (9)
Scrolls
 e - a scroll of blinking
 g - a scroll of enchant armour
 h - 2 scrolls of noise
 k - a scroll of fog {unknown}
 l - 3 scrolls of immolation
 n - a scroll of fear {unknown}
 o - 2 scrolls of revelation {unknown}
 p - 8 scrolls of identify {unknown}
 s - 3 scrolls of butterflies {unknown}
 x - a scroll of amnesia {unknown}
Potions
 d - 2 potions of might
 i - 2 potions of haste
 m - a potion of attraction {unknown}
 q - a potion of curing {unknown}
 u - a potion of invisibility {unknown}
 v - a potion of magic {unknown}
 w - a potion of heal wounds {unknown}


   Skills:
 + Level 5.1 Fighting
 + Level 4.1 Maces & Flails
 + Level 4.6 Armour
 + Level 3.8 Shields


You had 6 spell levels left.
You didn't know any spells.
Your spell library contained the following spells:

 Spells                   Type           Power      Damage    Failure   Level
 Static Discharge         Conj/Air       0%         3-3/arc   99%         2
 Inner Flame              Hex/Fire       0%         N/A       100%        3
 Volatile Blastmotes      Fire/Tloc      0%         2d10      100%        3
 Airstrike                Air            0%         2d(0-16)  100%        4
 Fulminant Prism          Conj/Alch      0%         3d5       100%        4
 Iskenderun's Mystic Bla Conj/Tloc 0%             2d3        (+2d1     100%        4
 Summon Lightning Spire   Summ/Air       0%         N/A       100%        4
 Irradiate                Conj/Alch      0%         3d11      100%        5
 Ignition                 Fire           0%         3d3       100%        8


Dungeon Overview and Level Annotations

Branches:
Dungeon (5/15)
 Temple: D:4-7

Altars:


Innate Abilities, Weirdness & Mutations

You can wield a second weapon in your off-hand.
It takes a long time for you to wield or remove held weapons.
Your first few attacks do less damage.
You cannot equip rings or amulets.


Message History

There is an open door here.
Unknown command.
The gnoll attacks as it pursues you! The gnoll closely misses you.
You hit the gnoll with your +0 flail.
The gnoll is lightly wounded.
You hit the gnoll with your +0 whip of freezing.
You freeze the gnoll. The gnoll barely misses you.
Unknown command.
It was a potion of haste.
You feel yourself speed up. The gnoll hits you with a +0 flail.
Unknown command.
Okay, then.
You closely miss the gnoll with your +0 flail.
The gnoll is moderately wounded.
You hit the gnoll with your +0 whip of freezing.
You freeze the gnoll. The gnoll hits you with a +0 flail!
* * * LOW HITPOINT WARNING * * *
Unknown command.
You barely miss the gnoll with your +0 flail.
The gnoll is heavily wounded.
You completely miss the gnoll with your +0 whip of freezing.
The gnoll hits you with a +0 flail.
* * * LOW HITPOINT WARNING * * *
The orc priest shouts, "The Pantheon deserves no one's loyalty.
Let us show you the true path!" (press Y on the ability menu to convert to Beogh) Unknown command.
As you read the scroll labelled IZUFIX MUHOET, it crumbles to dust.
You hear a loud clanging noise!
It was a scroll of noise.
As you read the scroll labelled IKEOKL FIVO, it crumbles to dust.
It is a scroll of enchant armour.
Your +0 chain mail glows green for a moment.
The gnoll hits you with a +0 flail.
* * * LOW HITPOINT WARNING * * *
Blink to where?
Press: ? - help, Dir - move target
Okay, then.
As you read the scroll labelled HEF KASOCAYGHOGI, it crumbles to dust.
It was a scroll of blinking.
The gnoll hits you with a +0 flail!
You die...

#..............
#..............
#......).......
#.......)o.....
#....[.o.......
+......o.......
##.....oW.......
#....###g######.
#....#...@# ....+
#....#....# +....#
#....##########...>
#....#....#......#
+....#....#..>...#
#)...#....#......#
###....####'#......#+####
.........................#
..........................+


You could see a phantom, an orc priest, a gnoll and 2 orcs.

Vanquished Creatures
  A black bear (D:4)
  2 ogres
  A scorpion (D:5)
  A bombardier beetle (D:5)
  2 hounds
  A gnoll bouda (D:4)
  Natasha (thrice) (D:3)
  5 adders
  10 gnolls
  2 ribbon worms
  An orc (D:4)
  3 endoplasms
  5 giant cockroaches
  5 goblins
  8 hobgoblins
  7 jackals
  6 kobolds
  6 quokkas
  11 ball pythons
  2 bats
  3 frilled lizards
  5 rats
90 creatures vanquished.

Notes
Turn   | Place    | Note
-------+----------+-------------------------------------------
     0 | D:1      | DEFE the Coglin Fighter began the quest for the Orb.
     0 | D:1      | Reached XP level 1. HP: 18/18 MP: 1/1
    73 | D:1      | Reached XP level 2. HP: 20/24 MP: 2/2
   456 | D:1      | Reached XP level 3. HP: 24/29 MP: 3/3
   880 | D:2      | Found a faded altar of an unknown god.
  1166 | D:3      | Reached XP level 4. HP: 9/35 MP: 4/4
  1426 | D:3      | Noticed Natasha
  1433 | D:3      | Killed Natasha
  1437 | D:3      | Reached XP level 5. HP: 39/42 MP: 5/5
  1526 | D:3      | Noticed Natasha
  1535 | D:3      | Killed Natasha
  1612 | D:3      | Noticed Natasha
  1620 | D:3      | Killed Natasha
  1621 | D:3      | Reached skill level 4 in Fighting
  1814 | D:3      | Reached XP level 6. HP: 42/48 MP: 6/6
  1968 | D:4      | Noticed a black bear
  1976 | D:4      | Killed a black bear
  2135 | D:4      | Reached XP level 7. HP: 55/55 MP: 7/7
  2494 | D:5      | Entered Level 5 of the Dungeon
  2784 | D:5      | Reached skill level 5 in Fighting
  2914 | D:5      | Slain by a gnoll

Illustrated notes

Levels and vault maps discovered:
D:1:      psy_arrival_terrarium, layout_basic, nicolae_twisty_statue_hallways
D:2:      kennysheep_big_flooded_room, layout_rooms,
          hellmonk_ecumenical_altar_blasted
D:3:      layout_rooms, uniq_natasha
D:4:      layout_basic, minmay_statues_item
D:5:      layout_gridville, serial_shops, nicolae_inconvenience_store,
          uniq_pikel

Skill      XL: |  1  2  3  4  5  6  7 |
---------------+----------------------+-----
Maces & Flails | 2 3 4 |  4.1
Armour         | 3 4 |  4.6
Fighting       | 4 5 |  5.1
Shields        | 3 |  3.8

Action                     |  1- 3 |  4- 6 |  7- 9 || total
---------------------------+-------+-------+-------++-------
  Melee: Flail             |    60 |    70 |    71 ||   201
         Mace              |    46 |       |       ||    46
         Whip              |     6 |    68 |    71 ||   145
    Use: Scroll            |       |       |     3 ||     3
         Potion            |       |       |     1 ||     1
 Armour: Scale mail        |    39 |       |       ||    39
         Chain mail        |    37 |    74 |    88 ||   199
  Dodge: Dodged            |    37 |    28 |    17 ||    82
  Block: Buckler           |     1 |       |       ||     1

Table legend: (Time is in decaauts)
 A = Elapsed time spent in this place.
 B = Non-inter-level travel time spent in this place.
 C = Inter-level travel time spent in this place.
 D = Time resting spent in this place.
 E = Time spent auto-exploring this place.
 F = Levels seen in this place.
 G = Mean time per level.
                   A        B        C        D        E       F      G
               +--------+--------+--------+--------+--------+-----+--------+
         Total |   2944 |   2863 |     81 |    453 |   1857 |   5 |  588.8 |
       Dungeon |   2944 |   2863 |     81 |    453 |   1857 |   5 |  588.8 |
               +--------+--------+--------+--------+--------+-----+--------+

Top non-repeatable levels by time:
     D:1: 723 daAuts
     D:2: 686 daAuts
     D:3: 569 daAuts
     D:4: 546 daAuts
     D:5: 420 daAuts
